ESL (28 & UNDER)
NEWARK BULLDOGS @ READING RAINBOWS
09/01/2027
 
TOP OF THE 1ST
Newark Bulldogs batting - Pitching for Reading Rainbows : RHP Juan Martínez
Pitching: RHP Juan Martínez
Batting: LHB Gerardo Guzmán 0-0: Ball
1-0: Ball
2-0: Swinging Strike
2-1: Foul Ball, location: 2F
2-2: Ball
3-2: Ground out 5-3 (Groundball, 5L)
Batting: LHB Ángel Tuzzi 0-0: Ball
1-0: Called Strike
1-1: Fly out, F7 (Flyball, 7S)
Batting: RHB Ken McDonald 0-0: Ball
1-0: SINGLE (Groundball, 6MD)
Batting: LHB Frank Jackson 0-0: Ball
1-0: Called Strike
1-1: Ball
2-1: Foul Ball, location: 2F
2-2: Foul Ball, location: 2F
2-2: Foul Ball, location: 2F
2-2: Ball
3-2: Foul Ball, location: 2F
3-2: Base on Balls
Ken McDonald to second
Batting: RHB Michael Skinner 0-0: Called Strike
0-1: Called Strike
0-2: Foul Ball, location: 2F
0-2: Ball
1-2: Fly out, F5 (Line Drive, 5)
Top of the 1st over - 0 run(s), 1 hit(s), 0 error(s), 2 left on base; Newark 0 - Reading 0
BOTTOM OF THE 1ST
Reading Rainbows batting - Pitching for Newark Bulldogs : RHP Bart Brown
Pitching: RHP Bart Brown
Batting: RHB Von Ford 0-0: Swinging Strike
0-1: Ground out 5-3 (Groundball, 5S)
Batting: RHB Ron King 0-0: Foul Ball, location: 2F
0-1: Ball
1-1: Foul Ball, location: 2F
1-2: Foul Ball, location: 2F
1-2: Ball
2-2: Foul Ball, location: 2F
2-2: Foul Ball, location: 2F
2-2: Fly out, F2 (Popup, 23)
Batting: RHB Richard Case 0-0: Ball
1-0: Foul Ball, location: 2F
1-1: Ball
2-1: Fly out, F2 (Popup, 25)
Bottom of the 1st over - 0 run(s), 0 hit(s), 0 error(s), 0 left on base; Newark 0 - Reading 0
TOP OF THE 2ND
Newark Bulldogs batting - Pitching for Reading Rainbows : RHP Juan Martínez
Batting: RHB Norris Howard 0-0: Called Strike
0-1: Ball
1-1: Swinging Strike
1-2: Ball
2-2: Foul Ball, location: 2F
2-2: Strikes out swinging
Batting: LHB Gabriel MacNeill 0-0: Called Strike
0-1: Fly out, F8 (Line Drive, 8RM)
Batting: RHB Joe Baker 0-0: DOUBLE (Line Drive, 7D)
Batting: RHB Stan Simpson 0-0: Foul Ball, location: 2F
0-1: Foul Ball, location: 2F
0-2: Ball
1-2: Ground out 5-3 (Groundball, 56S)
Top of the 2nd over - 0 run(s), 1 hit(s), 0 error(s), 1 left on base; Newark 0 - Reading 0
BOTTOM OF THE 2ND
Reading Rainbows batting - Pitching for Newark Bulldogs : RHP Bart Brown
Batting: RHB Ethan Moore 0-0: Ball
1-0: Ball
2-0: Ground out 4-3 (Groundball, 4M)
Batting: LHB Shane Lynch 0-0: Ball
1-0: SINGLE (Groundball, 4D)
Batting: RHB Juan Magdayao 0-0: Called Strike
0-1: Ball
1-1: Ball
2-1: Swinging Strike
2-2: Ball
3-2: Strikes out looking
Shane Lynch is caught stealing 2nd base
Batter strikes out.
Bottom of the 2nd over - 0 run(s), 1 hit(s), 0 error(s), 0 left on base; Newark 0 - Reading 0
TOP OF THE 3RD
Newark Bulldogs batting - Pitching for Reading Rainbows : RHP Juan Martínez
Batting: LHB Gerardo Guzmán 0-0: Called Strike
0-1: Ball
1-1: Ground out U3 (Groundball, 34)
Batting: LHB Ángel Tuzzi 0-0: Foul Ball, location: 2F
0-1: Ball
1-1: Ground out U3 (Groundball, 34)
Batting: RHB Ken McDonald 0-0: Ball
1-0: Foul Ball, location: 2F
1-1: Ball
2-1: Swinging Strike
2-2: Ground out 5-3 (Groundball, 5)
Top of the 3rd over - 0 run(s), 0 hit(s), 0 error(s), 0 left on base; Newark 0 - Reading 0
BOTTOM OF THE 3RD
Reading Rainbows batting - Pitching for Newark Bulldogs : RHP Bart Brown
Batting: RHB Carlos Huerta 0-0: Swinging Strike
0-1: Foul Ball, location: 2F
0-2: Strikes out swinging
Batting: SHB Dan Chandler 0-0: Foul Ball, location: 2F
0-1: Ball
1-1: Swinging Strike
1-2: Strikes out swinging
Batting: RHB Louis Smith 0-0: SINGLE (Groundball, 34D)
Batting: RHB Von Ford 0-0: Called Strike
0-1: Fly out, F9 (Flyball, 9S)
Bottom of the 3rd over - 0 run(s), 1 hit(s), 0 error(s), 1 left on base; Newark 0 - Reading 0
TOP OF THE 4TH
Newark Bulldogs batting - Pitching for Reading Rainbows : RHP Juan Martínez
Batting: LHB Frank Jackson 0-0: Ball
1-0: Ball
2-0: Ball
3-0: Base on Balls
Batting: RHB Michael Skinner 0-0: Ball
1-0: Ball
2-0: Called Strike
2-1: Swinging Strike
2-2: Strikes out looking
Batting: RHB Norris Howard 0-0: Called Strike
Frank Jackson is caught stealing 2nd base
0-1: Ball
1-1: Ball
2-1: Ground out 3-1 (Groundball, 34)
Top of the 4th over - 0 run(s), 0 hit(s), 0 error(s), 0 left on base; Newark 0 - Reading 0
BOTTOM OF THE 4TH
Reading Rainbows batting - Pitching for Newark Bulldogs : RHP Bart Brown
Batting: RHB Ron King 0-0: Swinging Strike
0-1: Ball
1-1: Ball
2-1: Ground out U3 (Groundball, 34)
Batting: RHB Richard Case 0-0: Called Strike
0-1: Ground out 4-3 (Groundball, 4)
Batting: RHB Ethan Moore 0-0: Called Strike
0-1: SINGLE (Flyball, 9LS)
Batting: LHB Shane Lynch 0-0: Ball
1-0: Ball
2-0: Called Strike
2-1: Called Strike
2-2: Fly out, F8 (Line Drive, 8LS)
Bottom of the 4th over - 0 run(s), 1 hit(s), 0 error(s), 1 left on base; Newark 0 - Reading 0
TOP OF THE 5TH
Newark Bulldogs batting - Pitching for Reading Rainbows : RHP Juan Martínez
Batting: LHB Gabriel MacNeill 0-0: Ball
1-0: Called Strike
1-1: Swinging Strike
1-2: Strikes out swinging
Batting: RHB Joe Baker 0-0: Ball
1-0: SINGLE (Groundball, 4D)
Batting: RHB Stan Simpson 0-0: Fly out, F4 (Popup, 3D)
Batting: LHB Gerardo Guzmán 0-0: Ball
1-0: Foul Ball, location: 2F
1-1: Ball
2-1: Foul Ball, location: 2F
2-2: SINGLE (Line Drive, 8RS)
Joe Baker to second
Batting: LHB Ángel Tuzzi 0-0: Fielders Choice at 2nd, 4-6 (Groundball, 4)
Top of the 5th over - 0 run(s), 2 hit(s), 0 error(s), 1 left on base; Newark 0 - Reading 0
BOTTOM OF THE 5TH
Reading Rainbows batting - Pitching for Newark Bulldogs : RHP Bart Brown
Batting: RHB Juan Magdayao 0-0: Called Strike
0-1: Swinging Strike
0-2: Ball
1-2: Foul Ball, location: 2F
1-2: Fly out, F6 (Line Drive, 56)
Batting: RHB Carlos Huerta 0-0: Ball
1-0: Called Strike
1-1: Foul Ball, location: 2F
1-2: Strikes out swinging
Batting: SHB Dan Chandler 0-0: Ball
1-0: Ball
2-0: Ball
3-0: Called Strike
3-1: Foul Ball, location: 2F
3-2: Strikes out swinging
Bottom of the 5th over - 0 run(s), 0 hit(s), 0 error(s), 0 left on base; Newark 0 - Reading 0
TOP OF THE 6TH
Newark Bulldogs batting - Pitching for Reading Rainbows : RHP Juan Martínez
Batting: RHB Ken McDonald 0-0: Ball
1-0: Called Strike
1-1: Foul Ball, location: 2F
1-2: Ball
2-2: Foul Ball, location: 2F
2-2: Foul Ball, location: 2F
2-2: SINGLE (Line Drive, 89S)
Batting: LHB Frank Jackson 0-0: Ball
1-0: Called Strike
1-1: Ball
2-1: Foul Ball, location: 2F
2-2: Ball
3-2: Base on Balls
Ken McDonald to second
Batting: RHB Michael Skinner 0-0: Foul Ball, location: 2F
0-1: Foul Ball, location: 2F
0-2: Ball
1-2: Strikes out looking
Batting: RHB Norris Howard 0-0: Foul Ball, location: 2F
0-1: Ball
1-1: Ball
2-1: Fly out, F7 (Flyball, 7LM)
Pitching: LHP Don Carter
Batting: LHB Gabriel MacNeill 0-0: Swinging Strike
0-1: Fly out, F7 (Flyball, 7LSF)
Top of the 6th over - 0 run(s), 1 hit(s), 0 error(s), 2 left on base; Newark 0 - Reading 0
BOTTOM OF THE 6TH
Reading Rainbows batting - Pitching for Newark Bulldogs : RHP Bart Brown
Batting: RHB Louis Smith 0-0: Ball
1-0: Ball
2-0: Ball
3-0: Swinging Strike
3-1: Base on Balls
Batting: RHB Von Ford 0-0: Ball
1-0: 2-RUN HOME RUN (Flyball, 9D), Distance : 383 ft
Batting: RHB Ron King 0-0: Called Strike
0-1: Ball
1-1: Called Strike
1-2: Foul Ball, location: 2F
1-2: Strikes out swinging
Batting: RHB Richard Case 0-0: Called Strike
0-1: Foul Ball, location: 2F
0-2: Foul Ball, location: 2F
0-2: DOUBLE (Groundball, 5L)
Batting: RHB Ethan Moore 0-0: Ball
1-0: Ball
2-0: SINGLE (Groundball, 5D)
Richard Case to third
Runner from 3rd tries for Home, SAFE, no throw
Batting: LHB Shane Lynch 0-0: Ground out 4-3 (Groundball, 4MS)
Ethan Moore to second
Batting: RHB Juan Magdayao 0-0: Foul Ball, location: 2F
0-1: SINGLE (Flyball, 8RS)
Ethan Moore to third
Runner from 3rd tries for Home, SAFE, no throw
Batting: RHB Carlos Huerta 0-0: Called Strike
0-1: Ball
1-1: Ball
2-1: SINGLE (Groundball, 56D)
Juan Magdayao to second
Batting: SHB Dan Chandler 0-0: Called Strike
0-1: Ball
1-1: Swinging Strike
1-2: Fly out, F7 (Line Drive, 7)
Bottom of the 6th over - 4 run(s), 5 hit(s), 0 error(s), 2 left on base; Newark 0 - Reading 4
TOP OF THE 7TH
Newark Bulldogs batting - Pitching for Reading Rainbows : LHP Don Carter
Batting: RHB Joe Baker 0-0: Ball
1-0: Foul Ball, location: 2F
1-1: Foul Ball, location: 2F
1-2: Ball
2-2: Fly out, F2 (Popup, 5S)
Batting: RHB Stan Simpson 0-0: Ball
1-0: Called Strike
1-1: Foul Ball, location: 2F
1-2: SINGLE (Line Drive, 6MD)
Batting: LHB Gerardo Guzmán 0-0: Called Strike
0-1: Ball
1-1: 2-RUN HOME RUN (Flyball, 89XD), Distance : 414 ft
Pitching: LHP Robert Trent
Batting: LHB Ángel Tuzzi 0-0: DOUBLE (Flyball, 7)
Batting: RHB Ken McDonald 0-0: Ball
1-0: Ball
2-0: Ball
3-0: Called Strike
3-1: Base on Balls
Batting: LHB Frank Jackson 0-0: Foul Ball, location: 2F
0-1: Ball
1-1: Ball
2-1: Ball
3-1: Foul Ball, location: 2F
3-2: Foul Ball, location: 2F
3-2: DOUBLE (Flyball, 8RXD)
Ángel Tuzzi scores
Ken McDonald to third
Batting: RHB Michael Skinner 0-0: Fly out, F8 (Flyball, 78M)
Runner from 3rd tags up, OUT at HOME
Top of the 7th over - 3 run(s), 4 hit(s), 0 error(s), 1 left on base; Newark 3 - Reading 4
BOTTOM OF THE 7TH
Reading Rainbows batting - Pitching for Newark Bulldogs : RHP Bart Brown
Pitching: RHP Jesús Salazar
Batting: RHB Louis Smith 0-0: Ball
1-0: Ball
2-0: Ball
3-0: Base on Balls
Pinch Hitting: LHB John Hudson 0-0: Swinging Strike
0-1: Fly out, F7 (Flyball, 7S)
Batting: RHB Ron King 0-0: Called Strike
0-1: Ball
1-1: DOUBLE (Flyball, 78D)
Louis Smith to third
Pinch Hitting: LHB Richard Henry 0-0: Ball
1-0: Ball
2-0: Fly out, F8 (Flyball, 8RM)
Runner from 3rd tags up, SCORES, throw made
Batting: RHB Ethan Moore 0-0: Ball
1-0: 2-RUN HOME RUN (Flyball, 7LD), Distance : 360 ft
Pitching: RHP Jim Cook
Batting: LHB Shane Lynch 0-0: Called Strike
0-1: Swinging Strike
0-2: Strikes out swinging
Bottom of the 7th over - 3 run(s), 2 hit(s), 0 error(s), 0 left on base; Newark 3 - Reading 7
TOP OF THE 8TH
Newark Bulldogs batting - Pitching for Reading Rainbows : LHP Robert Trent
Now at 2B: Hubert Brown
Now in CF: John Hudson
Batting: RHB Norris Howard 0-0: Ball
1-0: Ball
2-0: SOLO HOME RUN (Flyball, 7D), Distance : 384 ft
Pitching: RHP Coy Torres
Batting: LHB Gabriel MacNeill 0-0: Called Strike
0-1: Ball
1-1: Called Strike
1-2: Ball
2-2: Ball
3-2: Foul Ball, location: 2F
3-2: Base on Balls
Pitching: RHP Luis Silva
Batting: RHB Joe Baker 0-0: Ball
1-0: Foul Ball, location: 2F
1-1: Swinging Strike
1-2: Ball
2-2: Foul Ball, location: 2F
2-2: Ball
3-2: SINGLE (Line Drive, 6MD)
Gabriel MacNeill to second
Gabriel MacNeill to third
Batting: RHB Stan Simpson 0-0: Ball
1-0: Fly out, F9 (Flyball, 9S)
Batting: LHB Gerardo Guzmán 0-0: Foul Ball, location: 2F
0-1: Foul Ball, location: 2F
0-2: Strikes out swinging
Batting: LHB Ángel Tuzzi 0-0: Foul Ball, location: 2F
0-1: Ball
1-1: Foul Ball, location: 2F
1-2: Foul Ball, location: 2F
1-2: Ground out 4-3 (Groundball, 34D)
Top of the 8th over - 1 run(s), 2 hit(s), 0 error(s), 2 left on base; Newark 4 - Reading 7
BOTTOM OF THE 8TH
Reading Rainbows batting - Pitching for Newark Bulldogs : RHP Jim Cook
Batting: RHB Juan Magdayao 0-0: Ball
1-0: Called Strike
1-1: Swinging Strike
1-2: Foul Ball, location: 2F
1-2: Ball
2-2: SINGLE (Groundball, 6MD)
Batting: RHB Carlos Huerta 0-0: Called Strike
0-1: Sac Bunt - play at first, batter safe!
Juan Magdayao to second
Batting: SHB Dan Chandler 0-0: Called Strike
0-1: Ball
1-1: Sac Bunt - play at first, batter OUT! 1-4
Juan Magdayao to third
Carlos Huerta to second
Batting: RHB Louis Smith 0-0: Called Strike
0-1: Fly out, F8 (Line Drive, 78M)
Runner from 3rd tags up, SCORES, throw made
Batting: LHB John Hudson 0-0: Ball
1-0: Ball
2-0: Ball
3-0: Base on Balls
Batting: RHB Ron King 0-0: Ball
1-0: Foul Ball, location: 2F
1-1: Ground out 1-3 (Groundball, 15S)
Bottom of the 8th over - 1 run(s), 2 hit(s), 0 error(s), 2 left on base; Newark 4 - Reading 8
TOP OF THE 9TH
Newark Bulldogs batting - Pitching for Reading Rainbows : RHP Luis Silva
Batting: RHB Ken McDonald 0-0: Called Strike
0-1: Ball
1-1: Ground out 6-3 (Groundball, 6)
Batting: LHB Frank Jackson 0-0: Ball
1-0: Called Strike
1-1: Fly out, F7 (Line Drive, 7)
Batting: RHB Michael Skinner 0-0: Ball
1-0: Reached on error, E6 (Groundball, 6)
Batting: RHB Norris Howard 0-0: Ball
1-0: Foul Ball, location: 2F
1-1: Called Strike
1-2: Ball
2-2: Ball
3-2: Foul Ball, location: 2F
3-2: Strikes out looking
Top of the 9th over - 0 run(s), 0 hit(s), 1 error(s), 1 left on base; Newark 4 - Reading 8
Thursday, March 30th, 2017 - OOTP Baseball 17.12 Build 75